 Dungeon Crawl Stone Soup version 0.24.1-14-gf8d2b509d9 (webtiles) character file.

Game seed: 5644569535194209526, levelgen mode: deterministic

201 Jumperg the Shooter (level 5, -1/42 HPs)
             Began as a Centaur Arcane Marksman on June 10, 2020.
             Slain by Natasha (7 damage)
             ... on level 3 of the Dungeon.
             The game lasted 00:32:02 (3163 turns).

Jumperg the Shooter (Centaur Arcane Marksman)       Turns: 3163, Time: 00:32:02

Health: -1/42      AC:  5    Str: 13    XL:     5   Next: 50%
Magic:  7/8        EV:  9    Int: 13    God:
Gold:   168        SH:  0    Dex:  9    Spells: 7/8 levels left

rFire    . . .     SeeInvis .   i - +0 whip
rCold    . . .     Gourm    .   (no shield)
rNeg     . . .     Faith    .   t - +0 leather armour
rPois    .         Spirit   .   k - +0 helmet
rElec    .         Reflect  .   (no cloak)
rCorr    .         Harm     .   (no gloves)
MR       .....                  (no barding)
Stlth    ..........             (no amulet)
HPRegen  0.14/turn              (no ring)
MPRegen  0.11/turn              (no ring)

@: very slightly contaminated, slowed
A: large, hooves 3, deformed body, speed 2, tough skin 3
a: no special abilities


You were on level 3 of the Dungeon.
You were not hungry.

You visited 1 branch of the dungeon, and saw 3 of its levels.

You collected 168 gold pieces.

Inventory:

Hand Weapons
 a - a +0 shortbow
 b - a +0 hunting sling
 i - a +0 whip (weapon)
 D - a +0 dagger of speed
Missiles
 d - 99 arrows
 h - 125 stones (quivered)
 o - 28 poisoned darts
 x - 7 javelins
 B - 26 sling bullets
Armour
 e - a +0 robe
 k - a +0 helmet (worn)
 n - a cursed +0 chain mail
 t - a +0 leather armour (worn)
Jewellery
 u - an uncursed ring of protection from magic {unknown}
 A - a cursed amulet of inaccuracy {unknown}
Wands
 y - a wand of polymorph (7)
Scrolls
 g - a scroll of blinking {unknown}
 l - a scroll of enchant armour {unknown}
 m - 2 scrolls of identify {unknown}
 r - 2 scrolls of enchant weapon {unknown}
 z - 2 scrolls of teleportation {unknown}
Potions
 c - a potion of resistance {unknown}
 j - a potion of degeneration {unknown}
 q - 2 potions of curing {unknown}
 s - a potion of brilliance {unknown}
 v - a potion of agility
 w - a potion of flight {unknown}
 C - a potion of berserk rage {unknown}
 E - a potion of haste {unknown}
Comestibles
 f - 9 rations


   Skills:
 + Level 2.7 Fighting
 + Level 4.3 Bows
 - Level 1.3 Dodging
 + Level 2.1 Spellcasting
 + Level 3.7 Hexes


You had 7 spell levels left.
You knew the following spells:

 Your Spells              Type           Power        Failure   Level  Hunger
a - Corona                Hex            ##.....      7%          1    ##.....

Your spell library contained the following spells:

 Spells                   Type           Power        Failure   Level  Hunger
 Slow                     Hex            ##......     11%         2    ###....
 Inner Flame              Hex/Fire       #.......     41%         3    ####...
 Portal Projectile        Hex/Tloc       #.....       41%         3    ####...
 Cause Fear               Hex            ##........   56%         4    #####..
 Leda's Liquefaction      Hex/Erth       #.........   83%         4    #####..


Dungeon Overview and Level Annotations

Branches:
Dungeon (3/15)

Altars:

Annotations:
D:3 Natasha


Innate Abilities, Weirdness & Mutations

You have hooves in place of feet.
Armour fits poorly on your strangely shaped body.
You cover ground very quickly.
You have extremely tough skin. (AC +3)


Message History

* * * LOW HITPOINT WARNING * * *
Natasha mumbles some strange words.
Casting: Corona (safe; 7% risk of failure)
Confirm with . or Enter, or press ? or * to list all spells.
Aiming: Corona (safe; 7% risk of failure)
Press: ? - help, Shift-Dir - straight line, f/p - Natasha
Aim: Natasha (severely wounded, unusually agile, chance to defeat MR: 47%)
You miscast Corona.
You are very lightly contaminated with residual magic.
Nothing appears to happen.
The crimson imp hits you.
* * * LOW HITPOINT WARNING * * *
Natasha mumbles some strange words.
Natasha's front paws start to glow.
Natasha completely misses you.
You miss Natasha.
Natasha is severely wounded.
The crimson imp hits you.
* * * LOW HITPOINT WARNING * * *
Natasha claws you!
You die...

#.# $.... #. #.# .... #. #.# ...
#. #.# # .h. ## #.# .##.## ...
#.# .... #.# ##.##### ##'## #!#
.......# ##..h## #.# ##.###.#
##....@## ##.## #.....#
##......5## ##...##
##.<..###.........###.....######
#.......'.........'[............
###.)..###.........####.....#####
.......# ##.......## ##.##.# #
#####.## ##.....## ####.# # #(.#
##...## #.# # ##(# ##'## #?# #


You could see Natasha and a crimson imp.

Vanquished Creatures
  Jessica (D:3)
  Ijyb (D:3)
  8 adders
  2 oozes
  2 dart slugs (D:3)
  3 leopard geckos
  A ball python (D:3)
  6 bats
  8 giant cockroaches
  6 goblins
  5 hobgoblins
  4 jackals (D:1)
  4 kobolds
  5 frilled lizards
  10 rats
66 creatures vanquished.

Notes
Turn   | Place    | Note
-------+----------+-------------------------------------------
     0 | D:1      | Jumperg the Centaur Arcane Marksman began the quest for the
                  | Orb.
     0 | D:1      | Reached XP level 1. HP: 16/16 MP: 2/2
   358 | D:1      | Reached XP level 2. HP: 15/23 MP: 3/3
   808 | D:1      | Reached skill level 3 in Bows
   966 | D:1      | Reached XP level 3. HP: 29/29 MP: 5/5
  1609 | D:2      | Reached XP level 4. HP: 28/36 MP: 4/6
  2712 | D:3      | Reached skill level 4 in Bows
  2774 | D:3      | Reached XP level 5. HP: 39/42 MP: 5/8
  2832 | D:3      | Noticed Ijyb
  2878 | D:3      | Killed Ijyb
  2999 | D:3      | Noticed Jessica
  3008 | D:3      | Killed Jessica
  3132 | D:3      | Noticed Natasha
  3163 | D:3      | Slain by Natasha

Levels and vault maps discovered:
D:1:      dpeg_arrival_prison, layout_loops_corners
D:2:      layout_loops_cross
D:3:      layout_loops_corners, portal_sewer_entry_e, uniq_natasha,
          uniq_jessica, uniq_ijyb

Skill      XL: |  1  2  3  4 |
---------------+-------------+-----
Hexes          | 3 |  3.7
Bows           | 3 4 |  4.3
Fighting       | 2 |  2.7
Spellcasting   | 2 |  2.1
Dodging        | |  1.3

Action                   |  1- 3 |  4- 6 || total
-------------------------+-------+-------++-------
Melee: Shortbow          |    56 |       ||    56
       Kick              |    24 |    18 ||    42
       Whip              |    61 |   116 ||   177
       Unarmed           |       |    16 ||    16
 Fire: Shortbow          |    35 |    17 ||    52
Throw: Dart              |     2 |       ||     2
       Stone             |       |     7 ||     7
 Cast: Corona            |     7 |    14 ||    21
  Eat: Chunk             |     2 |     4 ||     6
Armor: Robe              |    56 |       ||    56
       Leather armour    |     4 |    33 ||    37
       Skin              |       |     3 ||     3
Dodge: Dodged            |    71 |    59 ||   130
